 Dungeon Crawl Stone Soup version 0.27-a0-1140-g099f9bb0e8 (webtiles) character file.

Game seed: 5943284936004887192

226 Vomitron the Digger (level 5, -9/42 HPs)
             Began as a Deep Dwarf Earth Elementalist on May 9, 2021.
             Mangled by a wyvern (18 damage)
             ... on level 4 of the Dungeon.
             The game lasted 00:09:16 (3619 turns).

Vomitron the Digger (Deep Dwarf Earth Elementalist) Turns: 3619, Time: 00:09:17

Health: -9/42      AC:  2    Str: 11    XL:     5   Next: 69%
Magic:  0/9        EV: 12    Int: 17    God:
Gold:   100        SH:  0    Dex: 13    Spells: 5/9 levels left

rFire    . . .     SeeInvis .   k - +3 short sword
rCold    . . .     Faith    .   (no shield)
rNeg     . . .     Spirit   .   c - +0 robe
rPois    .         Reflect  .   (no helmet)
rElec    .         Harm     .   (no cloak)
rCorr    .         Rampage  .   (no gloves)
Will     .....                  (no boots)
Stlth    +++.......             (no amulet)
HPRegen  0.00/turn              (no ring)
MPRegen  0.11/turn              (no ring)

@: very slightly contaminated
A: damage resistance, heal wounds, sense surroundings 1, no regeneration
a: Heal Wounds


You were on level 4 of the Dungeon.
You visited 1 branch of the dungeon, and saw 4 of its levels.

You collected 100 gold pieces.

Inventory:

Hand Weapons
 k - a +3 short sword (weapon)
Missiles
 b - 50 stones
Armour
 c - a +0 robe (worn)
Scrolls
 a - a scroll of teleportation
Potions
 f - a potion of lignification {unknown}
 m - 2 potions of haste {unknown}


   Skills:
 - Level 2.1 Dodging
 + Level 4.2 Stealth
 + Level 2.7 Spellcasting
 * Level 2.3 Conjurations
 - Level 0.8 Transmutations
 + Level 5.8 Earth Magic


You had 5 spell levels left.
You knew the following spells:

 Your Spells              Type           Power      Damage    Failure   Level
a - Sandblast             Erth           44%        2d11      1%          1
b - Stone Arrow           Conj/Erth      32%        3d9       10%         3

Your spell library contained the following spells:

 Spells                   Type           Power      Damage    Failure   Level
 Passwall                 Tmut/Erth      10%        N/A       7%          2
 Beastly Appendage        Tmut           10%        N/A       13%         1
 Animate Skeleton         Necr           4%         N/A       19%         1
 Pain                     Necr           8%         1d4       19%         1
 Wereblood                Tmut           5%         N/A       19%         2
 Spider Form              Tmut/Pois      1%         N/A       41%         3
 Petrify                  Tmut/Erth      13%        N/A       41%         4
 Lee's Rapid Deconstruct  Erth           11%        3d9*      41%         5
 Vampiric Draining        Necr           1%         2d6       47%         3
 Ice Form                 Ice/Tmut       3%         N/A       83%         4
 Animate Dead             Necr           1%         N/A       87%         4
 Hydra Form               Tmut           2%         N/A       98%         5
 Agony                    Necr           2%         N/A       99%         5


Dungeon Overview and Level Annotations

Branches:
Dungeon (4/15)
 Temple: D:4-7

Altars:
Ashenzari
Gozag

Annotations:
D:3 3 runed translucent doors, Spectrina's ghost, amateur DjFE
D:4 3 runed translucent doors, TODO's ghost, amateur VSFi


Innate Abilities, Weirdness & Mutations

You are resistant to damage.
You can heal yourself by infusing magical energy.
You passively map a small area around you.
You do not regenerate.


Message History

The stone arrow hits the hound!
You kill the hound!
Unknown command.
Unknown command.
You start resting.
Magic restored.
You see here a hound corpse.
Found a stone staircase leading up.
There is a stone staircase leading up here.
A wyvern comes into view.
The wyvern hisses angrily.
Casting: Stone Arrow (dangerous; 10% risk of failure)
Confirm with . or Enter, or press ? or * to list all spells.
Aiming: Stone Arrow (dangerous; 10% risk of failure)
Press: ? - help, Shift-Dir - straight line, f - wyvern
Aim: a wyvern (68% to hit)
The stone arrow misses the wyvern.
Unknown command.
Unknown command.
Casting: Stone Arrow (dangerous; 10% risk of failure)
Confirm with . or Enter, or press ? or * to list all spells.
Aiming: Stone Arrow (dangerous; 10% risk of failure)
Press: ? - help, Shift-Dir - straight line, f/p - wyvern
Aim: a wyvern (68% to hit)
The stone arrow hits the wyvern!
The wyvern is heavily wounded.
Unknown command.
Unknown command.
Casting: Stone Arrow (dangerous; 10% risk of failure)
Confirm with . or Enter, or press ? or * to list all spells.
Aiming: Stone Arrow (dangerous; 10% risk of failure)
Press: ? - help, Shift-Dir - straight line, f/p - wyvern
Aim: a wyvern (moderately wounded, 68% to hit)
You miscast Stone Arrow.
You are very lightly contaminated with residual magic.
Nothing appears to happen.
The wyvern bites you!
* * * LOW HITPOINT WARNING * * *
Unknown command.
You fail to use your ability.
The wyvern bites you!!
You die...

,* *,,,,,,,,,,*,* ########.
,* ***,*****##*.#.#
#........ ,*
*,,,,,,,,..#.#.# #<#######
** *,*,***###.....# #.#
*,*,####.......* #.#
*,*,#.........** #.#
*,*,#........#* #.#
******,*,#........# #.#
,,,,,,,*,......l@.#######.#
*********#................#
*,,,,,*#.......##########
*,***,*#..###..# *,*
*,,..,* #.## *,*
***#*,**#.* *,* **,>.#* *,*
**##* ***,*


You could see a wyvern.

Vanquished Creatures
  3 hounds
  An iguana (D:4)
  4 adders
  A gnoll (D:1)
  2 worms
  5 orcs
  An endoplasm (D:1)
  4 giant cockroaches (D:1)
  4 goblins
  4 hobgoblins
  6 jackals
  3 quokkas
  6 ball pythons
  4 bats
  4 frilled lizards
  4 kobolds
  8 rats
64 creatures vanquished.

Vanquished Creatures (others)
  4 plants (D:3)
4 creatures vanquished.

Grand Total: 68 creatures vanquished

Notes
Turn   | Place    | Note
-------+----------+-------------------------------------------
     0 | D:1      | Vomitron the Deep Dwarf Earth Elementalist began the quest
                  | for the Orb.
     0 | D:1      | Reached XP level 1. HP: 15/15 MP: 3/3
   310 | D:1      | Reached XP level 2. HP: 22/22 MP: 2/4
   573 | D:1      | Found a faded altar of an unknown god.
   834 | D:1      | Reached XP level 3. HP: 28/28 MP: 4/6
  1094 | D:2      | Reached skill level 5 in Earth Magic
  1313 | D:2      | Learned a level 3 spell: Stone Arrow
  1626 | D:2      | Reached skill level 1 in Conjurations
  1626 | D:2      | Reached XP level 4. HP: 34/36 MP: 3/7
  2388 | D:3      | Noticed a kobold brigand
  2389 | D:3      | Found a runed translucent gate.
  2390 | D:3      | Found a runed translucent gate.
  2391 | D:3      | Found a runed translucent gate.
  2391 | D:3      | Noticed Spectrina's ghost (amateur DjFE)
  2923 | D:3      | Reached XP level 5. HP: 28/42 MP: 4/8
  3371 | D:4      | Found a broken altar of Ashenzari.
  3455 | D:4      | Found a runed translucent gate.
  3455 | D:4      | Found a runed translucent gate.
  3457 | D:4      | Found a runed translucent gate.
  3457 | D:4      | Found an opulent altar of Gozag.
  3460 | D:4      | Noticed TODO's ghost (amateur VSFi)
  3614 | D:4      | Noticed a wyvern
  3619 | D:4      | Mangled by a wyvern

Illustrated notes

Levels and vault maps discovered:
D:1:      nzn_arrival_water_spiral, layout_loops_cross,
          shapermc_ecumenical_altar_notcrosses
D:2:      layout_basic, minmay_between
D:3:      layout_basic, gammafunk_ghost_nasty_kobolds, moated_statue
D:4:      layout_loops_ring, ashenzari_conservatory_becter,
          makhleb_blood_cavern_becter, ebering_ghost_gozag

Skill      XL: |  1  2  3  4  5 |
---------------+----------------+-----
Stealth        | 3 4 |  4.2
Spellcasting   | 2 |  2.7
Earth Magic    | 5 |  5.8
Conjurations   | 1 2 |  2.3
Dodging        | |  2.1
Transmutations | |  0.8

Action                   |  1- 3 |  4- 6 || total
-------------------------+-------+-------++-------
Melee: Club              |     4 |       ||     4
       Whip              |    59 |    13 ||    72
       Short sword       |       |     9 ||     9
 Cast: Sandblast         |    48 |    12 ||    60
       Stone Arrow       |     2 |    17 ||    19
  Use: Scroll            |       |     8 ||     8
 Stab: Sleeping          |       |     3 ||     3
Armor: Robe              |    26 |     7 ||    33
Dodge: Dodged            |    75 |     9 ||    84

Table legend: (Time is in decaauts)
 A = Elapsed time spent in this place.
 B = Non-inter-level travel time spent in this place.
 C = Inter-level travel time spent in this place.
 D = Time resting spent in this place.
 E = Time spent auto-exploring this place.
 F = Levels seen in this place.
 G = Mean time per level.
                   A        B        C        D        E       F      G
               +--------+--------+--------+--------+--------+-----+--------+
         Total |   3629 |   3588 |     41 |    932 |   2053 |   4 |  907.2 |
       Dungeon |   3629 |   3588 |     41 |    932 |   2053 |   4 |  907.2 |
               +--------+--------+--------+--------+--------+-----+--------+

Top non-repeatable levels by time:
     D:1: 1134 daAuts
     D:3: 1072 daAuts
     D:2: 1039 daAuts
     D:4: 383 daAuts
